 Dungeon Crawl Stone Soup version 0.30-a0-953-g5f1da4a474 (webtiles) character file.

Game seed: 4847886242518523807

62 NotreDorf the Stinger (level 4, -3/32 HPs)
             Began as a Merfolk Venom Mage on Mar 29, 2023.
             Slain by Sigmund
             ... wielding a +0 scythe
              (4 damage)
             ... on level 2 of the Dungeon.
             The game lasted 00:06:48 (1360 turns).

NotreDorf the Stinger (Merfolk Venom Mage)          Turns: 1360, Time: 00:06:49

Health: -3/32      AC:  2    Str:  8    XL:     4   Next: 8%
Magic:  3/7        EV: 13    Int: 16    God:
Gold:   70         SH:  0    Dex: 14    Spells: 1/7 levels left

rFire   . . .      SeeInvis .    k - +0 short sword
rCold   . . .      Faith    .    (no shield)
rNeg    . . .      Spirit   .    a - +0 robe
rPois   .          Reflect  .    (no helmet)
rElec   .          Rampage  .    (no cloak)
rCorr   .                        (no gloves)
Will    .....                    (no boots)
Stlth   ++                       (no amulet)
HPRegen 0.25/turn                (no ring)
MPRegen 0.10/turn                (no ring)

@: mighty, brilliant
A: (nimble swimmer 2), mertail
a: no special abilities


You were on level 2 of the Dungeon.
You visited 1 branch of the dungeon, and saw 2 of its levels.

You collected 70 gold pieces.

Inventory:

Hand Weapons
 k - a +0 short sword (weapon)
Missiles
 h - 6 poisoned darts (quivered)
Armour
 a - a +0 robe (worn)
Magical Staves
 j - a staff of death
Scrolls
 c - 2 scrolls of noise {unknown}
 d - 2 scrolls of enchant weapon {unknown}
 g - a scroll of identify {unknown}
Potions
 b - a potion of magic
 f - a potion of brilliance


   Skills:
 + Level 1.5 Fighting
 + Level 3.5 Dodging
 - Level 2.1 Stealth
 + Level 2.4 Spellcasting
 - Level 2.3 Transmutations
 + Level 0.1 Air Magic
 + Level 3.7 Poison Magic


You had one spell level left.
You knew the following spells:

 Your Spells              Type           Power      Damage    Failure   Level
a - Sting                 Tmut/Pois      68%        1d6       6%          1
b - Poisonous Vapours     Pois/Air       24%        N/A       13%         2
c - Mephitic Cloud        Conj/Pois/Air  9%         N/A       34%         3

Your spell library contained the following spells:

 Spells                   Type           Power      Damage    Failure   Level
 Olgreb's Toxic Radiance  Pois           21%        N/A       38%         4


Dungeon Overview and Level Annotations

Branches:
Dungeon (2/15)

Altars:

Annotations:
D:2 Sigmund


Innate Abilities, Weirdness & Mutations

((You are very nimble when in or above water. (Stealth+, EV+, Speed+++)))
Your lower body shifts to a powerful aquatic tail in water.


Message History

Aiming: Poisonous Vapours (safe; 13% risk of failure)
Press: ? - help, Dir - move target, f/p - Sigmund
Aim: Sigmund, wielding a +0 scythe and wearing a +0 robe You miscast Poisonous Vapours.
Nothing appears to happen.
Sigmund points at you and mumbles some strange words.
The puff of flame hits you!
Casting: Poisonous Vapours (safe; 13% risk of failure)
Confirm with . or Enter, or press ? or * to list all spells.
Aiming: Poisonous Vapours (safe; 13% risk of failure)
Press: ? - help, Dir - move target, f/p - Sigmund
Aim: Sigmund, wielding a +0 scythe and wearing a +0 robe Poisonous vapours surround Sigmund!
Sigmund is poisoned.
Casting: Poisonous Vapours (safe; 13% risk of failure)
Confirm with . or Enter, or press ? or * to list all spells.
You don't have enough magic to cast this spell.
Sigmund is nearby!
Sigmund gestures at you while chanting. The puff of flame hits you.
Sigmund laughs darkly.
Sigmund gestures wildly while chanting.
Sigmund flickers and vanishes!
Deactivating autopickup; reactivate with Ctrl-A.
Your magical contamination has completely faded away.
You are confused.
You bump into the rock wall.
You bump into the rock wall.
It was a potion of brilliance.
You feel clever all of a sudden.
It was a potion of might.
You feel very mighty all of a sudden.
A magic dart appears from out of thin air!
The magic dart hits you.
You bump into the rock wall.
A magic dart appears from out of thin air!
The magic dart hits you! Something hits you!
* * * LOW HITPOINT WARNING * * *
You feel less confused. Something hits you.
You die...

.#......###.........####...##.###
.##.#.#.# #.......## ##.###.#
)##.###.# ##.....## #####.##
.##..##.# ##...## ##...##
.......[# ##'## ##.)...#
####.#### #.# #......# #.# #.#
#......# #.# ##.## #.#...##
#.###### ##..@## #.##### #.##...#
#..{..# #.# #....#.# ##...####
#.# ####[..#####.###.######.#
##...................#
########.###.######## #.# ### #.#
#.#


There were no monsters in sight!

Vanquished Creatures
  A gnoll (D:1)
  An adder (D:2)
  8 bats (D:1)
  2 endoplasms (D:1)
  A giant cockroach (D:2)
  7 goblins (D:1)
  5 hobgoblins
  4 quokkas (D:1)
  A frilled lizard (D:1)
  4 kobolds
  4 rats
38 creatures vanquished.

Notes
Turn   | Place    | Note
-------+----------+-------------------------------------------
     0 | D:1      | NotreDorf the Merfolk Venom Mage began the quest for the
                  | Orb.
     0 | D:1      | Reached XP level 1. HP: 13/13 MP: 3/3
    97 | D:1      | Reached XP level 2. HP: 20/20 MP: 0/5
   209 | D:1      | Reached skill level 1 in Fighting
   298 | D:1      | Reached XP level 3. HP: 25/26 MP: 3/6
   787 | D:1      | Learned a level 2 spell: Poisonous Vapours
   791 | D:1      | Learned a level 3 spell: Mephitic Cloud
  1233 | D:2      | Reached XP level 4. HP: 29/32 MP: 3/7
  1334 | D:2      | Noticed Sigmund
  1359 | D:2      | HP: 1/32 [something (11)]
  1360 | D:2      | Slain by Sigmund

Illustrated notes

Levels and vault maps discovered:
D:1:      minmay_arrival_arboretum_small, layout_rooms
D:2:      layout_loops_corners, nicolae_ecumenical_snake_handling, uniq_sigmund

Skill      XL: |  1  2 |
---------------+-------+-----
Dodging        | 3 |  3.5
Transmutations | 2 |  2.3
Fighting       | 1 |  1.5
Stealth        | |  2.1
Spellcasting   | |  2.4
Air Magic      | |  0.1
Poison Magic   | |  3.7

Action                     |  1- 3 |  4- 6 || total
---------------------------+-------+-------++-------
  Melee: Dagger            |    43 |       ||    43
   Cast: Sting             |    39 |       ||    39
         Poisonous Vapours |     6 |     1 ||     7
    Use: Potion            |       |     2 ||     2
 Armour: Robe              |    11 |       ||    11
  Dodge: Dodged            |    60 |       ||    60

Table legend: (Time is in decaauts)
 A = Elapsed time spent in this place.
 B = Non-inter-level travel time spent in this place.
 C = Inter-level travel time spent in this place.
 D = Time resting spent in this place.
 E = Time spent auto-exploring this place.
 F = Levels seen in this place.
 G = Mean time per level.
                   A        B        C        D        E       F      G
               +--------+--------+--------+--------+--------+-----+--------+
         Total |   1358 |   1347 |     11 |    131 |    807 |   2 |  679.0 |
       Dungeon |   1358 |   1347 |     11 |    131 |    807 |   2 |  679.0 |
               +--------+--------+--------+--------+--------+-----+--------+

Top non-repeatable levels by time:
     D:1: 817 daAuts
     D:2: 541 daAuts
